 Dungeon Crawl Stone Soup version 0.28-a0-1447-ga5a8893891 (webtiles) character file.

Game seed: 16848101541320731882

57 knot the Chopper (level 3, 0/29 HPs)
             Began as a Demonspawn Berserker on Jan 12, 2022.
             Was a Follower of Trog.
             Slain by a jackal (1 damage)
             ... on level 1 of the Dungeon.
             The game lasted 00:02:06 (1574 turns).

knot the Chopper (Demonspawn Berserker)             Turns: 1574, Time: 00:02:06

Health: 0/29       AC:  2    Str: 17    XL:     3   Next: 73%
Magic:  3/3        EV: 12    Int: 10    God:    Trog [*.....]
Gold:   74         SH:  0    Dex: 12    Spells: 2/2 levels left

rFire   . . .      SeeInvis .   a - +0 hand axe
rCold   . . .      Faith    .   (no shield)
rNeg    . . .      Spirit   .   b - +0 animal skin
rPois   .          Reflect  .   (helmet restricted)
rElec   .          Harm     .   (no cloak)
rCorr   .          Rampage  .   (no gloves)
Will    .....                   (no boots)
Stlth   +.........              (no amulet)
HPRegen 0.09/turn               (no ring)
MPRegen 0.08/turn               (no ring)

@: brilliant, on berserk cooldown, flying, slowed, very slow
A: antennae 1
a: Renounce Religion, Berserk


You were on level 1 of the Dungeon.
You worshipped Trog.
Trog was aware of your devotion.
You visited 1 branch of the dungeon, and saw 2 of its levels.

You collected 74 gold pieces.

Inventory:

Hand Weapons
 a - a +0 hand axe (weapon)
 i - a +0 battleaxe
Missiles
 f - 7 poisoned darts (quivered)
 g - 9 stones
Armour
 b - a +0 animal skin (worn)
Scrolls
 c - a scroll of teleportation {unknown}
 d - a scroll of fear {unknown}
 h - a scroll of noise {unknown}
 j - a scroll of enchant weapon {unknown}
 l - a scroll of vulnerability {unknown}
Potions
 e - a potion of brilliance


   Skills:
 - Level 3.0 Fighting
 * Level 4.0 Axes
 * Level 1.2 Throwing
 - Level 1.7 Armour
 - Level 1.7 Dodging


You had 2 spell levels left.
You didn't know any spells.
Your spell library contained the following spells:

 Spells                   Type           Power      Damage    Failure   Level
 Ozocubu's Armour         Ice            0%         N/A       75%         3
 Metabolic Englaciation   Hex/Ice        0%         N/A       100%        5
 Simulacrum               Ice/Necr       0%         N/A       100%        6


Dungeon Overview and Level Annotations

Branches:
Dungeon (2/15)

Altars:


Innate Abilities, Weirdness & Mutations

You have a pair of small antennae on your head.


Message History

The jackal bites you. x2; The goblin hits you with a +0 club.
The jackal barely misses you. The goblin closely misses you.
You slash the goblin!
You kill the goblin!
Trog accepts your kill.
You miss the jackal. The jackal barely misses you.
The jackal bites you but does no damage.
The jackal barely misses you.
You closely miss the jackal. The jackal closely misses you.
The jackal bites you but does no damage.
The jackal barely misses you. The jackal closely misses you.
You barely miss the jackal.
The jackal misses you. x2; The jackal bites you.
You barely miss the jackal. The jackal bites you. The jackal barely misses you.
The jackal misses you.
You closely miss the jackal. The jackal closely misses you.
The jackal bites you. x2
* * * LOW HITPOINT WARNING * * *
You miss the jackal. The jackal barely misses you.
The jackal bites you but does no damage.
The jackal bites you.
* * * LOW HITPOINT WARNING * * *
It was a potion of brilliance.
You feel clever all of a sudden. The jackal closely misses you.
The jackal barely misses you.
a - a +0 hand axe (weapon)
The jackal barely misses you.
Okay, then.
It was a potion of flight.
You feel very buoyant.
You fly up into the air.
The jackal bites you.
* * * LOW HITPOINT WARNING * * *
The jackal barely misses you.
You hit the jackal but do no damage. The jackal misses you.
The jackal barely misses you.
You hit the jackal but do no damage. The jackal bites you.
* * * LOW HITPOINT WARNING * * *
The jackal bites you.
* * * LOW HITPOINT WARNING * * *
The jackal bites you.
You die...

#..#.#.........#.#.#.#####.#.#.#
_≈≈≈≈'.........#.#.#.........#.#
#..#.#######...#.#.#######.#.#.##
#..#.# #...#.#.# #####'#.....
#....#########.#.#.# #.........#.
.....#...........#.# #.#.......#.
##############.....# #.#.......#.
.#....#......#..)#####.#.......#.
.#.............h@....#.#.#...#.#.
##...###.###.#.....#.#.#.....#.#.
.......#...............#########.
##.###.#....###..#.#.#...........
.......#.........#.#.#.##########
.#.###......###.##...........#
.#.........#.........#.#.###.#
.#.........#.##.######.#...#.#
...........#.#.......#.#.#...#


You could see a jackal.

Vanquished Creatures
  Natasha (D:2)
  A worm (D:2)
  A dart slug (D:1)
  2 bats (D:2)
  5 endoplasms
  3 goblins
  A hobgoblin (D:1)
  2 kobolds
  A quokka (D:1)
  2 ball pythons
  2 frilled lizards (D:2)
  5 rats
26 creatures vanquished.

Notes
Turn   | Place    | Note
-------+----------+-------------------------------------------
     0 | D:1      | knot the Demonspawn Berserker began the quest for the Orb.
     0 | D:1      | Reached XP level 1. HP: 18/18 MP: 1/1
   223 | D:1      | Reached skill level 3 in Axes
   488 | D:1      | Gained mutation: You have a pair of small antennae on your
                  | head. [demonic ancestry]
   488 | D:1      | Reached XP level 2. HP: 20/24 MP: 2/2
   569 | D:1      | Found a faded altar of an unknown god.
  1540 | D:2      | Noticed Natasha
  1552 | D:2      | Killed Natasha
  1553 | D:2      | Reached skill level 4 in Axes
  1553 | D:2      | Reached skill level 1 in Throwing
  1553 | D:2      | Reached XP level 3. HP: 24/29 MP: 3/3
  1574 | D:1      | HP: 1/29 [jackal (3)]
  1574 | D:1      | Slain by a jackal

Illustrated notes

Levels and vault maps discovered:
D:1:      elethiomel_arrival_shortcut, layout_basic,
          shapermc_ecumenical_altar_notcrosses
D:2:      layout_basic, minmay_bisected, uniq_jessica, uniq_natasha

Skill      XL: |  1  2 |
---------------+-------+-----
Axes           | 3 4 |  4.0
Throwing       | 1 |  1.2
Fighting       | |  3.0
Armour         | |  1.7
Dodging        | |  1.7

Action                   || total
-------------------------++-------
Melee: Hand axe          ||    38
       Battleaxe         ||    31
Throw: Dart              ||     6
       Javelin           ||     2
       Stone             ||     2
Invok: Berserk           ||     2
  Use: Potion            ||     2
 Stab: Sleeping          ||     1
Armor: Animal skin       ||    12
Dodge: Dodged            ||    68

Table legend: (Time is in decaauts)
 A = Elapsed time spent in this place.
 B = Non-inter-level travel time spent in this place.
 C = Inter-level travel time spent in this place.
 D = Time resting spent in this place.
 E = Time spent auto-exploring this place.
 F = Levels seen in this place.
 G = Mean time per level.
                   A        B        C        D        E       F      G
               +--------+--------+--------+--------+--------+-----+--------+
         Total |   1614 |   1587 |     27 |    225 |   1156 |   2 |  807.0 |
       Dungeon |   1614 |   1587 |     27 |    225 |   1156 |   2 |  807.0 |
               +--------+--------+--------+--------+--------+-----+--------+

Top non-repeatable levels by time:
     D:1: 1148 daAuts
     D:2: 466 daAuts
